 Dungeon Crawl Stone Soup version 0.31-a0-889-g1a8549509d (webtiles) character file.

Game seed: 14972496987820466799

28 wvc the Chopper (level 2, -3/26 HPs)
             Began as a Minotaur Fighter on Oct 16, 2023.
             Slain by a gnoll
             ... wielding a +2 spear of freezing
              (6 damage)
             ... on level 3 of the Dungeon.
             The game lasted 00:01:23 (891 turns).

wvc the Chopper (Minotaur Fighter)                   Turns: 891, Time: 00:01:23

Health: -3/26      AC:  6    Str: 20    XL:     2   Next: 96%
Magic:  1/1        EV:  9    Int:  5    God:
Gold:   86         SH:  4    Dex:  9    Spells: 1/1 levels left

rFire   . . .        a - +0 war axe
rCold   . . .        c - +0 buckler
rNeg    . . .        b - +0 scale mail
rPois   .            (helmet restricted)
rElec   .            (no cloak)
rCorr   .            (no gloves)
SInv    .            (no boots)
Will    .....        (no amulet) Stlth
                     (no ring)
HPRegen 0.24/turn    (no ring)
MPRegen 0.07/turn

%: no passive effects
@: no status effects
A: horns 2, retaliatory headbutt
a: no special abilities


You were on level 3 of the Dungeon.
You visited 1 branch of the dungeon, and saw 3 of its levels.

You collected 86 gold pieces.

Inventory:

Hand Weapons
 a - a +0 war axe (weapon)
 e - a +0 dagger of venom
Missiles
 h - 3 atropa-tipped darts
Armour
 b - a +0 scale mail (worn)
 c - a +0 buckler (worn)
Scrolls
 i - a scroll of identify {unknown}
Potions
 d - 2 potions of might
 f - a potion of mutation {unknown}
 g - a potion of resistance {unknown}


   Skills:
 - Level 3.6 Fighting
 + Level 3.9(4.0) Axes
 - Level 1.3(2.8) Maces & Flails
 - Level 3.6 Armour
 - Level 3.6 Shields


You had one spell level left.
You didn't know any spells.
Your spell library was empty.

Dungeon Overview and Level Annotations

Branches:
Dungeon (2/15)

Altars:


Innate Abilities, Weirdness & Mutations

You have a pair of horns on your head.
You reflexively headbutt those who attack you in melee.


Message History

The rat bites you but does no damage.
You slash the rat!
You kill the rat!
g - a fuming inky potion You open the door.
There is an open door here.
You now have 86 gold pieces (gained 14).
As you open the door, it creaks loudly!
There is an open door here.
As you open the door, it creaks loudly!
There is an open door here.
Found 3 atropa-tipped darts.
Found a hand axe.
Found a scroll labelled FOACKA VEEGOLO.
You see here 3 atropa-tipped darts.
h - 3 atropa-tipped darts
i - a scroll labelled FOACKA VEEGOLO
Found a dagger. 2 gnolls come into view.
A gnoll is wielding a +2 spear of freezing.
The gnoll shouts!
The gnoll moves out of view.
You open the door.
There is an open door here.
The gnoll hits you from afar with a +2 spear of freezing.
The gnoll freezes you.
The gnoll hits you from afar with a +2 spear of freezing.
The gnoll freezes you. The gnoll attacks as it pursues you!
The gnoll closely misses you.
The gnoll hits you from afar with a +0 spear.
The gnoll barely misses you.
The gnoll hits you with a +2 spear of freezing.
* * * LOW HITPOINT WARNING * * *
The gnoll freezes you.
* * * LOW HITPOINT WARNING * * *
You barely miss the gnoll. You headbutt the gnoll.
The gnoll is lightly wounded.
You hit the gnoll but do no damage.
The gnoll hits you with a +2 spear of freezing.
You die...

##...## ##+##.....#
##...##...##
##.....##.##
#++...8...''#
##.##.....##.##
##...##...##...##
#+##.g...##'##.....#
# ..##.@.###..##...##
##.##.##g#####.###.##
...gg..#'#.###.# #+#
#.#..##.##.###.#.
#..#####....)....#
#.#.###.##..######
.##.##.#.###.....
#.............#####
.###.###.######


You could see 2 gnolls.

Vanquished Creatures
  An endoplasm (D:3)
  2 giant cockroaches (D:1)
  2 goblins (D:1)
  3 hobgoblins (D:1)
  3 jackals (D:1)
  2 ball pythons
  2 bats (D:1)
  6 frilled lizards
  4 kobolds (D:1)
  A rat (D:3)
26 creatures vanquished.

Notes
Turn   | Place    | Note
-------+----------+-------------------------------------------
     0 | D:1      | wvc the Minotaur Fighter began the quest for the Orb.
     0 | D:1      | Reached XP level 1. HP: 19/19 MP: 0/0
    49 | D:1      | Reached skill level 1 in Maces & Flails
   158 | D:1      | Reached XP level 2. HP: 26/26 MP: 1/1
   812 | D:2      | You fall into a shaft and drop 1 floor!
   891 | D:3      | Slain by a gnoll

Illustrated notes

Levels and vault maps discovered:
D:1:      heliophobic_arrival_ceremonial_halls, layout_loops_ring,
          minmay_tromino_v2
D:2:      layout_basic, hellmonk_ecumenical_altar_watching_god,
          hangedman_decor_riveting, uniq_crazy_yiuf_cottage
D:3:      layout_loops_ring, nicolae_hexahallways, uniq_ijyb, uniq_sigmund

Skill      XL: |  1  2 |
---------------+-------+-----
Maces & Flails | 1 |  1.3
Axes           | 3 |  3.9
Fighting       | |  3.6
Armour         | |  3.6
Shields        | |  3.6

Action                     || total
---------------------------++-------
  Melee: War axe           ||    49
         Headbutt          ||     4
 Armour: Scale mail        ||    41
  Dodge: Dodged            ||    18
  Block: Buckler           ||     8

Table legend: (Time is in decaauts)
 A = Elapsed time spent in this place.
 B = Non-inter-level travel time spent in this place.
 C = Inter-level travel time spent in this place.
 D = Time resting spent in this place.
 E = Time spent auto-exploring this place.
 F = Levels seen in this place.
 G = Mean time per level.
                   A        B        C        D        E       F      G
               +--------+--------+--------+--------+--------+-----+--------+
         Total |    907 |    900 |      7 |      0 |    744 |   3 |  302.3 |
       Dungeon |    907 |    900 |      7 |      0 |    744 |   3 |  302.3 |
               +--------+--------+--------+--------+--------+-----+--------+

Top non-repeatable levels by time:
     D:1: 764 daAuts
     D:3: 79 daAuts
     D:2: 63 daAuts
